 Dungeon Crawl Stone Soup version 0.27-a0-1149-g4505690ab0 (webtiles) character file.

Game seed: 8500245953704711988

105116 robertstho the Severer (level 15, -1/145 HPs)
             Began as a Minotaur Berserker on May 12, 2021.
             Was a High Priest of Trog.
             Killed from afar by a deep elf zephyrmancer (39 damage)
             ... with a bolt of lightning
             ... on level 1 of the Elven Halls.
             The game lasted 00:36:22 (23848 turns).

robertstho the Severer (Minotaur Berserker)        Turns: 23848, Time: 00:36:22

Health: -1/145     AC: 21    Str: 42    XL:     15   Next: 93%
Magic:  14/14      EV: 11    Int:  9    God:    Trog [*****.]
Gold:   2241       SH: 17    Dex: 11    Spells: 14/14 levels left

rFire    + . .     SeeInvis +   H - +4 demon whip of the Singing Rat {elec, Int+4 SInv Stlth+}
rCold    + + +     Faith    .   x - +0 kite shield
rNeg     . . .     Spirit   .   e - +7 scale mail of Loss {Fly Str+3}
rPois    .         Reflect  +   (helmet restricted)
rElec    .         Harm     .   i - scarf {rC+ rF+}
rCorr    +         Rampage  .   h - +0 pair of gloves "Hooluah" {Str+3 Slay+5}
Will     +++..                  P - +1 pair of boots {Stlth+}
Stlth    +++.......             R - amulet of reflection
HPRegen  1.34/turn              D - +6 ring of strength
MPRegen  0.14/turn              y - ring of Pacef {*Slow Fly rC++ rCorr Str+4}

@: strong-willed, flying, regenerating, slowed, studying Armour, very slow
A: horns 2, retaliatory headbutt
a: Renounce Religion, Berserk, Trog's Hand, Brothers in Arms


You were on level 1 of the Elven Halls.
You worshipped Trog.
Trog was extremely pleased with you.
You visited 4 branches of the dungeon, and saw 22 of its levels.
You also visited: Ossuary and Ice Cave.

You collected 2681 gold pieces.
You spent 440 gold pieces at shops.

Inventory:

Hand Weapons
 H - the +4 demon whip of the Singing Rat (weapon) {elec, Int+4 SInv Stlth+}
   (You found it in an ice cave)

   Occasionally, upon striking a foe, it can discharge electrical energy and
   cause terrible harm.
   It affects your intelligence (+4).
   It lets you see invisible.
   It makes you more stealthy.
 I - a +2 antimagic broad axe
 U - a +3 war axe of holy wrath
Missiles
 g - 8 javelins
Armour
 e - the +7 scale mail of Loss (worn) {Fly Str+3}
   (You found it on level 9 of the Dungeon)

   It affects your strength (+3).
   It grants you flight.
 h - the +0 pair of gloves "Hooluah" (worn) {Str+3 Slay+5}
   (You acquired it on level 6 of the Dungeon)

   It affects your strength (+3).
   It affects your accuracy and damage with ranged weapons and melee attacks
   (+5).
 i - a scarf of resistance (worn)
 m - a +3 chain mail of cold resistance
 x - a +0 kite shield (worn)
 M - a +2 chain mail of poison resistance
 P - a +1 pair of boots of stealth (worn)
 T - a +3 chain mail of fire resistance
Jewellery
 d - a ring of see invisible
 o - a ring of protection from cold
 y - the ring of Pacef (right hand) {*Slow Fly rC++ rCorr Str+4}
   (You found it on level 6 of the Dungeon)

   [ring of flight]

   It affects your strength (+4).
   It greatly protects you from cold.
   It grants you flight.
   It protects you from acid and corrosion.
   It may slow you when you take damage.
 D - a +6 ring of strength (left hand)
 F - a +6 ring of dexterity
 J - a ring of positive energy
 R - an amulet of reflection (around neck)
Wands
 v - a wand of acid (10)
 N - a wand of iceblast (27)
Scrolls
 c - 4 scrolls of teleportation
 p - 2 scrolls of silence
 r - 6 scrolls of enchant armour {unknown}
 s - 5 scrolls of fog
 t - 3 scrolls of fear
 A - a scroll of immolation
 C - 2 scrolls of holy word
 E - 5 scrolls of enchant weapon {unknown}
 L - 3 scrolls of blinking
 V - a scroll of brand weapon
Potions
 a - 3 potions of haste
 f - 6 potions of attraction
 j - 8 potions of curing
 k - 10 potions of might
 l - 2 potions of brilliance {unknown}
 n - 3 potions of ambrosia
 u - a potion of mutation
 w - 5 potions of resistance
 z - 4 potions of heal wounds
 O - 5 potions of lignification
 W - a potion of cancellation
 X - a potion of magic
Miscellaneous
 K - a condenser vane
 Q - a tin of tremorstones (2/2)


   Skills:
 + Level 16.5 Fighting
 + Level 19.4(20.4) Axes
 + Level 12.4(17.2) Maces & Flails
 + Level 14.5 Armour
 + Level 7.4 Dodging
 + Level 4.5 Stealth
 + Level 5.9 Shields


You had 14 spell levels left.
You didn't know any spells.
Your spell library was empty.

Dungeon Overview and Level Annotations

Branches:
Dungeon (13/15)            Temple (0/1) D:5            Lair (6/6) D:9
 Shoals (0/4) Lair:4       Spider (0/4) Lair:4        Slime (0/5) Lair:5
    Orc (2/2) D:10            Elf (1/3) Orc:2       Ossuary (visited)
  IceCv (visited)
 Vaults: D:13-14

Altars:
Ashenzari
Kikubaaqudgha
Okawaru
Wu Jian
Yredelemnul
The Shining One
Beogh

Shops:
D:11 *   Orc:2 =[!


Innate Abilities, Weirdness & Mutations

You have a pair of horns on your head.
You reflexively headbutt those who attack you in melee.


Message History

* * * LOW HITPOINT WARNING * * *
You feel yourself slow down.
You feel much better.
You block the deep elf pyromancer's attack.
You block the deep elf pyromancer's attack.
The deep elf zephyrmancer hits you but does no damage.
The deep elf zephyrmancer gestures wildly while chanting.
The deep elf zephyrmancer blinks!
Your ogre goes berserk!
The deep elf pyromancer casts a spell at you.
The bolt of fire hits you!! You resist.
* * * LOW HITPOINT WARNING * * *
You block the deep elf zephyrmancer's attack.
The deep elf zephyrmancer gestures wildly while chanting.
The deep elf zephyrmancer blinks!
You feel much better.
The deep elf pyromancer casts a spell at you.
The bolt of fire misses you.
The deep elf zephyrmancer hits you but does no damage.
The deep elf zephyrmancer mumbles some strange words.
The deep elf zephyrmancer blinks!
The deep elf pyromancer hits you but does no damage.
Your ogre hits the deep elf pyromancer with a +0 giant club!!
The deep elf pyromancer dies!
Trog accepts your kill.
Trog appreciates your killing of a magic user.
You block the deep elf zephyrmancer's attack.
Unknown command.
The deep elf zephyrmancer mumbles some strange words.
The deep elf zephyrmancer blinks!
Your ogre closely misses the deep elf zephyrmancer.
The deep elf zephyrmancer gestures wildly while chanting.
The deep elf zephyrmancer blinks!
Unknown command.
Your skin crawls.
You feel strong-willed.
Your ogre closely misses the deep elf zephyrmancer.
The deep elf zephyrmancer points at you and mumbles some strange words.
The bolt of lightning hits you!!!
You die...

##'######.!"##
.....###.....#
......###...##
....)..##...#
.......##.'#######
.......###.......#
.......##.)#####.#
.......#..## #.#
.........## ####@#
.....#..#####....#
##'###..# #....#.#
##.##..###...#)).#
.......##..#.))(§#
#########.....O#.#
# #.....#§e.# #
#...#e..... #
'..........#


You could see 2 deep elf zephyrmancers and a friendly ogre (summoned, berserk).

Vanquished Creatures
  Rupert (D:12)
  Frances (D:12)
  A deep elf sorcerer (Elf:1)
  2 orc warlords
  A stone giant (Orc:1)
  3 deep elf death magi (Elf:1)
  7 boulder beetles
  A merfolk avatar (Lair:6)
  Harold (Orc:1)
  6 hydras
  2 ogre magi (Orc:2)
  A catoblepas (Lair:5)
  12 two-headed ogres
  5 death yaks (Lair:6)
  A centaur warrior (D:8)
  4 dancing weapons (Elf:1)
  An orc high priest (Orc:1)
  Urug (Lair:4)
  A deep elf knight (Elf:1)
  The ghost of Dordric the Cleaver, a novice HOMo of Makhleb (D:6)
  2 deep trolls (Orc:2)
  15 deep elf pyromancers (Elf:1)
  2 orc knights (Orc:1)
  A deep elf archer (Elf:1)
  17 deep elf zephyrmancers (Elf:1)
  3 slime creatures (D:12)
  3 oklob plants
  2 orc sorcerers (Orc:1)
  4 cyclopes
  5 manticores
  Joseph (D:7)
  8 elephants
  8 black mambas
  An eye of devastation (Lair:5)
  2 ice statues (IceCv)
  A gargoyle (D:12)
  2 torpor snails
  11 cane toads
  An unseen horror (D:12)
  8 komodo dragons
  7 rime drakes
  7 ice devils (IceCv)
  10 trolls
  A tyrant leech (Lair:2)
  4 polar bears
  2 wind drakes
  4 hornets
  Grinder (D:3)
  22 blink frogs
  2 dream sheep (Lair:5)
  Sigmund (D:5)
  An air elemental (Elf:1)
  2 shadows (D:11)
  A spriggan (Lair:1)
  A wyvern (Lair:6)
  2 vampires (D:11)
  A water elemental (Elf:1)
  6 basilisks
  29 yaks
  4 vampire mosquitoes (D:12)
  A steam dragon (D:9)
  3 swamp worms (Lair:2)
  An acid dragon (D:9)
  18 water moccasins
  3 wargs
  A floating eye (Lair:5)
  11 orc warriors
  2 necrophages (D:6)
  2 black bears
  11 wolves
  8 centaurs
  20 ogres
  A phantom (D:6)
  A kobold brigand (D:8)
  13 bullfrogs
  11 scorpions
  3 water moccasin zombies
  4 gnoll sergeants
  An earth elemental (Elf:1)
  A water moccasin skeleton (D:5)
  6 killer bees (D:10)
  9 wights
  3 howler monkeys
  11 electric eels
  5 centaur zombies
  11 orc priests
  A human zombie (Ossuary)
  A jelly (D:5)
  A bullfrog skeleton (D:5)
  4 hounds
  A gnoll shaman (D:6)
  3 centaur skeletons (D:6)
  Ijyb (D:4)
  An iguana (D:5)
  16 orc wizards
  2 scorpion zombies (D:4)
  A killer bee zombie (D:6)
  2 hound zombies (D:4)
  2 mummies (Ossuary)
  Robin (D:3)
  7 adders
  23 gnolls
  2 shadow imps
  17 white imps
  10 ufetubi
  3 adder zombies
  2 worms
  A dart slug (D:2)
  42 orcs
  9 endoplasms
  4 giant cockroaches
  17 goblins
  8 hobgoblins
  7 jackals
  9 kobolds
  3 quokkas
  5 ball pythons
  2 bats
  4 frilled lizards
  5 goblin zombies (Ossuary)
  13 hobgoblin zombies (Ossuary)
  2 jackal zombies (Ossuary)
  7 kobold zombies (Ossuary)
  6 orc zombies (Ossuary)
  A quokka zombie (D:4)
  4 rats
  2 rat zombies (Ossuary)
  A bush (Lair:5)
672 creatures vanquished.

Vanquished Creatures (collateral kills)
  Sonja (D:12)
  A deep elf pyromancer (Elf:1)
  5 white imps (Lair:6)
7 creatures vanquished.

Vanquished Creatures (others)
  A reaper (IceCv)
  An air elemental (Elf:1)
  A human (D:7)
  3 white imps (IceCv)
  3 ufetubi (IceCv)
  21 fungi
  102 plants
132 creatures vanquished.

Grand Total: 811 creatures vanquished

Notes
Turn   | Place    | Note
-------+----------+-------------------------------------------
     0 | D:1      | robertstho the Minotaur Berserker began the quest for the
                  | Orb.
     0 | D:1      | Reached XP level 1. HP: 19/19 MP: 0/0
   323 | D:1      | Reached XP level 2. HP: 23/27 MP: 1/1
   412 | D:1      | Reached skill level 4 in Axes
   948 | D:2      | Reached XP level 3. HP: 33/33 MP: 2/2
   959 | D:2      | Found a faded altar of an unknown god.
  1298 | D:3      | Reached skill level 5 in Axes
  1298 | D:3      | Reached XP level 4. HP: 31/41 MP: 3/3
  1401 | D:3      | Reached ** piety under Trog
  1408 | D:3      | Noticed Robin
  1420 | D:3      | Killed Robin
  1741 | D:3      | Reached XP level 5. HP: 47/47 MP: 4/4
  2091 | D:3      | Noticed Grinder
  2096 | D:3      | Killed Grinder
  2097 | D:3      | Reached skill level 5 in Fighting
  2097 | D:3      | Reached skill level 6 in Axes
  2097 | D:3      | Reached XP level 6. HP: 56/56 MP: 5/5
  2342 | D:4      | Found an iron altar of Okawaru.
  2667 | D:4      | Reached skill level 7 in Axes
  2667 | D:4      | Reached skill level 1 in Stealth
  2667 | D:4      | Reached XP level 7. HP: 62/62 MP: 6/6
  2787 | D:4      | Reached *** piety under Trog
  2985 | D:4      | Noticed Ijyb
  2992 | D:4      | Killed Ijyb
  3372 | D:5      | Entered Level 5 of the Dungeon
  3442 | D:5      | Noticed Sigmund
  3448 | D:5      | Reached skill level 8 in Axes
  3450 | D:5      | Killed Sigmund
  3451 | D:5      | Reached skill level 5 in Armour
  3451 | D:5      | Reached XP level 8. HP: 57/71 MP: 7/7
  3695 | D:5      | Reached skill level 9 in Axes
  3716 | D:5      | Reached skill level 10 in Axes
  4124 | D:5      | Found a staircase to the Ecumenical Temple.
  4703 | D:6      | Found a runed translucent door.
  4706 | D:6      | Reached XP level 9. HP: 79/79 MP: 8/8
  4706 | D:6      | You are sucked into a shaft and drop 3 floors!
  4737 | D:8      | Reached **** piety under Trog
  4738 | D:8      | Reached skill level 11 in Axes
  4747 | D:8      | Noticed a centaur warrior
  4761 | D:8      | Killed a centaur warrior
  4847 | D:7      | Noticed Joseph
  4912 | D:6      | Identified a scroll of acquirement
  4912 | D:6      | Acquired the +0 pair of gloves "Hooluah" {Str+3 Slay+5}
  4941 | D:6      | Reached skill level 12 in Axes
  4944 | D:6      | Noticed Dordric's ghost (novice HOMo)
  5173 | D:6      | Identified the ring of Pacef {*Slow Fly rC++ rCorr Str+4}
  5182 | D:6      | Found a sand-covered staircase.
  5191 | Ossuary  | Entered an ossuary
  5321 | Ossuary  | Reached ***** piety under Trog
  5588 | D:6      | Reached XP level 10. HP: 84/91 MP: 9/9
  5839 | D:6      | Found a glowing golden altar of the Shining One.
  6006 | D:6      | Killed Dordric's ghost
  6007 | D:6      | Reached skill level 13 in Axes
  6107 | D:7      | Received a gift from Trog
  6118 | D:7      | Killed Joseph
  6282 | D:7      | Reached skill level 1 in Shields
  6288 | D:7      | Found an ancient bone altar of Kikubaaqudgha.
  7389 | D:9      | Identified the +7 scale mail of Loss {Fly Str+3}
  7524 | D:9      | Reached skill level 10 in Fighting
  7717 | D:9      | Found a staircase to the Lair.
  7739 | D:9      | Noticed a two-headed ogre
  7747 | D:9      | Killed a two-headed ogre
  7748 | D:9      | Reached skill level 14 in Axes
  7748 | D:9      | Reached XP level 11. HP: 79/101 MP: 10/10
  8195 | D:9      | Found a basalt altar of Yredelemnul.
  8291 | Lair:1   | Entered Level 1 of the Lair of Beasts
  8709 | Lair:1   | Noticed a six-headed hydra
  8714 | Lair:1   | Killed a six-headed hydra
  8722 | Lair:1   | Reached skill level 15 in Axes
  9008 | Lair:1   | Reached skill level 1 in Maces & Flails
  9042 | Lair:1   | Noticed an oklob plant
  9044 | Lair:1   | Noticed an oklob plant
  9057 | Lair:1   | Killed an oklob plant
  9058 | Lair:1   | Reached skill level 10 in Armour
  9062 | Lair:1   | Killed an oklob plant
  9062 | Lair:1   | Received a gift from Trog
  9909 | Lair:2   | Reached XP level 12. HP: 110/110 MP: 3/11
 10426 | Lair:2   | Reached skill level 16 in Axes
 11654 | Lair:4   | Found a hole to the Spider Nest.
 11756 | Lair:4   | Received a gift from Trog
 11957 | Lair:4   | Found a staircase to the Shoals.
 12340 | Lair:4   | Noticed Urug
 12350 | Lair:4   | Killed Urug
 12507 | Lair:4   | Reached skill level 17 in Axes
 13088 | Lair:5   | Reached skill level 5 in Dodging
 13160 | Lair:5   | Found a staircase to the Slime Pits.
 13180 | Lair:5   | Noticed a catoblepas
 13199 | Lair:5   | Killed a catoblepas
 13513 | Lair:5   | Reached XP level 13. HP: 117/119 MP: 4/12
 14335 | Lair:6   | Entered Level 6 of the Lair of Beasts
 14345 | Lair:6   | Reached skill level 18 in Axes
 14500 | Lair:6   | Found a frozen archway.
 14514 | IceCv    | Entered an ice cave
 14652 | IceCv    | Killed a reaper
 14795 | IceCv    | Received a gift from Trog
 15163 | IceCv    | Identified the +4 demon whip of the Singing Rat {elec,
                  | Int+4 SInv Stlth+}
 16130 | Lair:6   | Reached XP level 14. HP: 123/132 MP: 13/13
 16864 | D:10     | Entered Level 10 of the Dungeon
 17224 | D:10     | Found a broken altar of Ashenzari.
 17357 | D:10     | Found a staircase to the Orcish Mines.
 17941 | D:10     | Found an ornate altar of the Wu Jian Council.
 18026 | D:11     | Received a gift from Trog
 18149 | D:11     | Reached skill level 19 in Axes
 18691 | D:11     | Found Xacazxub's General Store.
 18694 | D:11     | Bought a potion of heal wounds for 70 gold pieces
 19257 | D:12     | Reached skill level 5 in Maces & Flails
 19526 | D:12     | Noticed Sonja
 19533 | D:12     | Killed Sonja
 19631 | D:12     | Reached skill level 15 in Fighting
 19819 | D:12     | Noticed Rupert
 19827 | D:12     | Killed Rupert
 19839 | D:12     | Noticed Frances
 19851 | D:12     | Killed Frances
 20433 | D:12     | Acquired a manual of Armour
 20545 | Orc:1    | Entered Level 1 of the Orcish Mines
 20833 | Orc:1    | Found a transporter.
 20889 | Orc:1    | Found a transporter.
 20889 | Orc:1    | Noticed an orc warlord
 20970 | Orc:1    | Noticed a stone giant
 20991 | Orc:1    | Killed an orc warlord
 20996 | Orc:1    | Killed a stone giant
 21346 | Orc:2    | Entered Level 2 of the Orcish Mines
 21464 | Orc:2    | Noticed an orc warlord
 21478 | Orc:2    | Killed an orc warlord
 21479 | Orc:2    | Reached XP level 15. HP: 143/143 MP: 14/14
 21484 | Orc:2    | Received a gift from Trog
 21485 | Orc:2    | Found the +5 scythe "Finisher" {speed, eviscerate}
 21670 | Orc:2    | Found a staircase to the Elven Halls.
 21706 | Orc:2    | Found Esafemn's Jewellery Shoppe.
 21750 | Orc:2    | Found Hyillemp's General Store.
 21781 | Orc:2    | Found Fabulo's Armour Shop.
 22021 | Orc:2    | Found Quwaf's Distillery.
 22035 | Orc:2    | Bought a potion of curing for 30 gold pieces
 22035 | Orc:2    | Bought a potion of ambrosia for 80 gold pieces
 22035 | Orc:2    | Bought a potion of might for 40 gold pieces
 22035 | Orc:2    | Bought a potion of curing for 30 gold pieces
 22035 | Orc:2    | Bought a potion of cancellation for 80 gold pieces
 22035 | Orc:2    | Bought a potion of magic for 80 gold pieces
 22035 | Orc:2    | Bought a potion of lignification for 30 gold pieces
 22253 | Orc:1    | Noticed Harold
 22258 | Orc:1    | Killed Harold
 22259 | Orc:1    | Reached skill level 10 in Maces & Flails
 22485 | Elf:1    | Entered Level 1 of the Elven Halls
 22665 | Elf:1    | Noticed a deep elf sorcerer
 22688 | Elf:1    | Reached skill level 5 in Shields
 22702 | Elf:1    | Killed a deep elf sorcerer
 23223 | Elf:1    | Received a gift from Trog
 23848 | Elf:1    | Killed from afar by a deep elf zephyrmancer

Illustrated notes

Levels and vault maps discovered:
D:1:      giann_wishing_wells, layout_basic, minmay_misc_feat_tower
D:2:      layout_rooms, hellmonk_ecumenical_altar_slurped_away
D:3:      layout_loops_ring, uniq_robin, uniq_grinder
D:4:      kennysheep_goblin_castle, layout_loops_ring, okawaru_trees_1,
          serial_undead, serial_undead_d, serial_undead_e, serial_undead_e,
          serial_undead_a
D:5:      layout_layer_cave, minmay_temple_entry_glass, uniq_sigmund
D:6:      layout_cave_pools, nicolae_tso_carved_into_rock,
          nicolae_ossuary_entry_monument, gammafunk_ghost_grave,
          hellmonk_bongcloud_opening, minmay_checkerbox
D:7:      layout_cave_pools, tgw_kikubaaqudgha, dk_noncrumbling_4, uniq_joseph
D:8:      layout_cave_pools, hex_medium, kennysheep_cross_bottleneck,
          kennysheep_pointless_box, serial_bayou_pond_d
D:9:      layout_stronghold, kennysheep_little_box, lair_entry_dummy,
          serial_glass, glass_columns_b, glass_columns_b,
          minmay_chambers_of_fives
D:10:     erik_rubicon_a, layout_long_grid, overflow_temple_1_default,
          ashenzari_conservatory_becter, david_orc_3
D:11:     layout_loops_ring, serial_shops, kennysheep_mini_moat
D:12:     minmay_cornered_nines, layout_loops_ring, uniq_rupert, uniq_frances,
          uniq_sonja
D:13:     layout_basic, enter_trove_6
Lair:1:   layout_misc_corridors, grunt_forest_large_clearing_hut,
          lemuel_fruit_fields, serial_bayou_shore_b, infiniplex_staircase_pool,
          lemuel_fruit_fields, minmay_lair_oklob_chamber
Lair:2:   layout_regular_city, worms_lemuel
Lair:3:   layout_regular_city, grunt_forest_stairs_basic, serial_bayou_shore_a
Lair:4:   layout_hall_layers, minmay_shoals_entry_beasts,
          nicolae_spider_entry_non_spiders, lemuel_fruit_tree, uniq_urug
Lair:5:   statuecave_lemuel, layout_gridlike, minmay_slime_entry_eyes,
          minmay_lair_oklob_items, lemuel_fruit_fields
Lair:6:   gammafunk_lair_ancient_temple, layout_cave_pods,
          portal_ice_cave_entry_imps, chequers_serial_rivers_large_b,
          serial_bayou_lagoon_a, serial_bayou_shore_b
Orc:1:    gammafunk_beogh_shrine, layout_caves, mines2_lemuel, uniq_harold
Orc:2:    st_orc_open, layout_caves, abandoned_shop
Elf:1:    minmay_elf_arrival_circle, layout_geoelf_octagon, minmay_elf_sorcery,
          hangedman_elf_simple_split, st_stairs_2, hex_tiny,
          elves_outpost_lemuel

Skill      XL: |  1  2  3  4  5  6  7  8  9 10 11 12 13 14 15 |
---------------+----------------------------------------------+-----
Axes           | 4 5 6 7 8 10 12 14 15 17 18 19 | 19.4
Fighting       | 4 5 6 7 9 10 11 12 14 15 16 | 16.5
Armour         | 3 4 5 6 7 9 10 11 12 13 14 | 14.5
Dodging        | 3 4 5 6 7 |  7.4
Stealth        | 1 2 3 4 |  4.5
Shields        | 3 4 5 |  5.9
Maces & Flails | 2 4 7 12 | 12.4

Action                   |  1- 3 |  4- 6 |  7- 9 | 10-12 | 13-15 || total
-------------------------+-------+-------+-------+-------+-------++-------
Melee: Hand axe          |    56 |    45 |       |       |       ||   101
       Headbutt          |     8 |    10 |    46 |   116 |   224 ||   404
       War axe           |       |    32 |   234 |   170 |    91 ||   527
       Broad axe         |       |       |       |   196 |   225 ||   421
       Great mace        |       |       |       |     2 |    16 ||    18
       Demon whip        |       |       |       |       |   361 ||   361
       Battleaxe         |       |       |       |       |    12 ||    12
Invok: Berserk           |       |     4 |     5 |     4 |     9 ||    22
       Trog's Hand       |       |       |     1 |       |     5 ||     6
       Brothers in Arms  |       |       |       |       |     6 ||     6
  Use: Scroll            |       |     6 |     7 |     5 |     5 ||    23
       Potion            |       |       |       |       |     4 ||     4
 Stab: Distracted        |       |     1 |       |       |     1 ||     2
       Sleeping          |       |       |       |       |     2 ||     2
Armor: Animal skin       |     2 |       |       |       |       ||     2
       Scale mail        |    11 |    10 |       |   130 |   200 ||   351
       Chain mail        |       |    30 |   144 |     6 |       ||   180
       Plate armour      |       |       |       |    42 |       ||    42
Dodge: Dodged            |    28 |    44 |   105 |   127 |   259 ||   563
Block: Buckler           |       |       |    10 |     5 |       ||    15
       Kite shield       |       |       |       |    53 |    54 ||   107
       Other             |       |       |       |       |    12 ||    12
       Reflection        |       |       |       |       |     2 ||     2

Table legend: (Time is in decaauts)
 A = Elapsed time spent in this place.
 B = Non-inter-level travel time spent in this place.
 C = Inter-level travel time spent in this place.
 D = Time resting spent in this place.
 E = Time spent auto-exploring this place.
 F = Levels seen in this place.
 G = Mean time per level.
                   A        B        C        D        E       F      G
               +--------+--------+--------+--------+--------+-----+--------+
         Total |  23740 |  22847 |    893 |   1435 |  17937 |  24 |  989.2 |
       Dungeon |  11682 |  11178 |    504 |    881 |   8554 |  13 |  898.6 |
          Lair |   7711 |   7421 |    290 |    125 |   6431 |   6 | 1285.2 |
  Orcish Mines |   1863 |   1765 |     98 |      0 |   1494 |   2 |  931.5 |
   Elven Halls |   1325 |   1325 |      0 |    184 |    917 |   1 | 1325.0 |
       Ossuary |    388 |    388 |      0 |      0 |    271 |   1 |  388.0 |
      Ice Cave |    769 |    769 |      0 |    244 |    269 |   1 |  769.0 |
               +--------+--------+--------+--------+--------+-----+--------+

Top non-repeatable levels by time:
  Lair:6: 1611 daAuts
    D:12: 1536 daAuts
  Lair:4: 1447 daAuts
  Lair:1: 1350 daAuts
     D:5: 1350 daAuts
   Elf:1: 1325 daAuts
  Lair:5: 1292 daAuts
    D:10: 1189 daAuts
     D:9: 1147 daAuts
     D:4: 1117 daAuts
     D:3: 1020 daAuts
  Lair:3: 1005 daAuts
  Lair:2: 1003 daAuts
   Orc:1: 936 daAuts
   Orc:2: 926 daAuts
